 Dungeon Crawl Stone Soup version 0.21-a0-91-ga5031da (webtiles) character file.

63 4thArraOfDagon the Charlatan (level 3, -10/26 HPs)
             Began as a Mummy Artificer on June 29, 2017.
             Killed themself with a badly aimed iceblast (18 damage)
             ... on level 3 of the Dungeon.
             The game lasted 00:01:51 (699 turns).

4thArraOfDagon the Charlatan (Mummy Artificer)       Turns: 699, Time: 00:01:52

Health: -10/26     AC:  5    Str: 15    XL:     3   Next: 87%
Magic:  5/5        EV: 11    Int: 11    God:
Gold:   45         SH:  0    Dex: 12    Spells: 2/2 levels left

rFire    x . .     SeeInvis .   a - +0 short sword
rCold    + . .     Gourm    .   (no shield)
rNeg     + + +     Faith    .   i - +0 ring mail
rPois    ∞         Spirit   .   (no helmet)
rElec    .         Reflect  .   (no cloak)
rCorr    .         Harm     .   (no gloves)
MR       .....                  (no boots)
Stlth    ++........             (no amulet)
HPRegen  0.08/turn              f - ring of positive energy
MPRegen  0.09/turn              k - ring of stealth

@: no status effects
A: no food or potions, fire vulnerability, cold resistance 1, negative energy
resistance 3, torment resistance, unbreathing
a: no special abilities


You were on level 3 of the Dungeon.
You were not hungry.

You visited 1 branch of the dungeon, and saw 3 of its levels.

You collected 45 gold pieces.

Inventory:

Hand Weapons
 a - a +0 short sword (weapon)
Armour
 b - a +0 leather armour
 i - a +0 ring mail (worn)
Jewellery
 f - a ring of positive energy (left hand)
 k - a ring of stealth (right hand)
Wands
 c - a wand of flame (12/48)
 d - a wand of enslavement (15/24)
 e - a wand of random effects (14/48)
Scrolls
 g - 3 scrolls of identify {unknown}
 h - a scroll of magic mapping {unknown}
 j - 3 scrolls of remove curse {unknown}
 l - a scroll of immolation {unknown}


   Skills:
 - Level 1.0 Fighting
 - Level 0.7 Short Blades
 - Level 2.3 Dodging
 - Level 0.7 Stealth
 * Level 3.5 Evocations


You had 2 spell levels left.
You didn't know any spells.

Dungeon Overview and Level Annotations

Branches:
Dungeon (3/15)

Altars:

Annotations:
D:3 Natasha


Innate Abilities, Weirdness & Mutations

You do not eat or drink.
Your flesh is vulnerable to fire.
You are immune to poison.
Your flesh is cold resistant. (rC+)
You are immune to negative energy. (rN+++)
You are immune to unholy pain and torment.
You can survive without breathing.


Message History

Natasha mumbles some strange words.
Unknown command.
Evoke which item? (* to show all) (? for menu, Esc to quit)
Aiming: Random Effects
Press: ? - help, Shift-Dir - straight line, f/p - Natasha
Aim: Natasha, carrying a wand of flame (?/48) {zapped: 3} Natasha resists with significant effort.
This wand has 14 charges left.
Natasha casts a spell at you. You resist with some effort.
Unknown command.
Evoke which item? (* to show all) (? for menu, Esc to quit)
Aiming: Random Effects
Press: ? - help, Shift-Dir - straight line, f/p - Natasha
Aim: Natasha, carrying a wand of flame (?/48) {zapped: 3} The mass of ice explodes!
The iceblast engulfs Natasha.
Natasha is severely wounded.
The iceblast engulfs you! You partially resist.
Ouch! That really hurt!
You die...

. ###.
#... #
..#
##...##
..#..
#..# #.@#
#h...#
...5.##
......##
.........
.....##..
..... ...
.....
.⌠.⌠


You could see Natasha and a crimson imp.

Vanquished Creatures
  3 adders (D:2)
  An ooze (D:1)
  4 dart slugs
  A leopard gecko (D:2)
  6 bats
  2 goblins
  3 hobgoblins (D:1)
  2 frilled lizards (D:1)
  2 kobolds (D:1)
24 creatures vanquished.

Notes
Turn   | Place    | Note
-------+----------+-------------------------------------------
     0 | D:1      | 4thArraOfDagon the Mummy Artificer began the quest for the Orb.
     0 | D:1      | Reached XP level 1. HP: 15/15 MP: 2/2
    87 | D:1      | Reached XP level 2. HP: 20/21 MP: 4/4
   357 | D:2      | Reached skill level 3 in Evocations
   357 | D:2      | Reached XP level 3. HP: 22/26 MP: 5/5
   690 | D:2      | Noticed Natasha
   699 | D:3      | Killed themself with a badly aimed iceblast

Vault maps used:
D:1:      mrwooster_arrival_statue_3, minmay_misc_feat_columns,
          minmay_heptomino_l4
D:2:      cheibrodos_old_hovel, chequers_ecumenical_altar_simple, first_bread,
          uniq_natasha
D:3:      lemuel_round_altar, nemelex_xobeh_ov_fountains_minmay

Skill      XL: |  1  2 |
---------------+-------+-----
Dodging        | 2 |  2.3
Evocations     | 3 |  3.5
Fighting       | |  1.0
Short Blades   | |  0.7
Stealth        | |  0.7

Action                   || total
-------------------------++-------
Melee: Short sword       ||   117
Evoke: Wand              ||     4
 Stab: Sleeping          ||     1
Armor: Leather armour    ||    15
       Ring mail         ||    42
Dodge: Dodged            ||    87
